 Dungeon Crawl Stone Soup version 0.27-a0-13-g87abb2d9eb (webtiles) character file.

Game seed: 6701772312900718396

3794 sahdkjhfkaj the Fighter (level 9, -3/96 HPs)
             Began as a Palentonga Arcane Marksman on Jan 2, 2021.
             Was a Believer of Ru.
             Slain by Harold
             ... wielding a +0 glaive of venom
              (13 damage)
             ... on level 8 of the Dungeon.
             The game lasted 00:13:06 (10477 turns).

sahdkjhfkaj the Fighter (PaAM)                     Turns: 10477, Time: 00:13:07

Health: -3/96      AC: 17    Str: 16    XL:     9   Next: 96%
Magic:  10/10      EV:  7    Int: 13    God:    Ru [**....]
Gold:   388        SH:  4    Dex: 12    Spells: 10/10 levels left

rFire    x x .     SeeInvis +   b - +0 hand axe
rCold    + . .     Faith    .   B - +0 buckler
rNeg     . . .     Spirit   .   t - +1 ice dragon scales
rPois    .         Reflect  .   (no helmet)
rElec    .         Harm     .   (no cloak)
rCorr    .         Rampage  .   j - +0 pair of gloves
Will     .....                  (no barding)
Stlth    ..........             (no amulet)
HPRegen  0.26/turn              (no ring)
MPRegen  0.12/turn              (no ring)

@: lethally poisoned (-3 -> -3), curled up
A: large, rugged brown scales 3, see invisible, deformed body, temperature
sensitive, roll 1, armoured tail, reflexive curl
a: Rolling Charge, Renounce Religion


You were on level 8 of the Dungeon.
You worshipped Ru.
Ru was pleased with you.
You visited 2 branches of the dungeon, and saw 9 of its levels.

You collected 388 gold pieces.

Inventory:

Hand Weapons
 a - a +1 hand crossbow
 b - a +0 hand axe (weapon)
 D - the +0 long sword "Embalmer" {vamp, rElec Dex-2 SInv}
   (You found it on level 7 of the Dungeon)

   It inflicts no extra harm, but heals its wielder when it wounds a living foe.
   It affects your dexterity (-2).
   It insulates you from electricity.
   It lets you see invisible.
Missiles
 d - 51 bolts
Armour
 j - a +0 pair of gloves (worn)
 t - +1 ice dragon scales (worn)
 B - a +0 buckler (worn)
Jewellery
 m - a +6 ring of dexterity {unknown}
 q - an uncursed ring of stealth {unknown}
 y - an uncursed ring of wizardry {unknown}
 F - the amulet of Leizxi {Acrobat rC+ Int+2 Dex+4, unknown}
   (You found it on level 8 of the Dungeon)

   [amulet of the acrobat]

   It helps you evade while moving and waiting.
   It affects your intelligence (+2).
   It affects your dexterity (+4).
   It protects you from cold.
Wands
 w - a wand of disintegration (8)
 A - a wand of acid (9)
Scrolls
 c - a scroll of remove curse
 f - 3 scrolls of identify
 r - a scroll of fog
 s - a scroll of fear
 u - a scroll of magic mapping
 x - 2 scrolls of random uselessness
 z - 2 scrolls of noise {unknown}
 C - a scroll of enchant weapon
Potions
 e - 2 potions of ambrosia {unknown}
 g - a potion of degeneration {unknown}
 i - 2 potions of attraction {unknown}
 k - a potion of curing {unknown}
 l - 2 potions of lignification {unknown}
 n - a potion of flight {unknown}
 o - a potion of magic {unknown}
 p - a potion of might {unknown}
 v - 3 potions of haste {unknown}
 E - a potion of berserk rage {unknown}


   Skills:
 + Level 11.7 Fighting
 - Level 6.0 Axes
 - Level 2.0 Crossbows
 - Level 2.4 Armour
 - Level 2.0 Dodging
 - Level 2.4 Shields
 - Level 1.1 Spellcasting
 - Level 3.0 Hexes


You had 10 spell levels left.
You didn't know any spells.
Your spell library contained the following spells:

 Spells                   Type           Power        Failure   Level
 Corona                   Hex            8%           36%         1
 Slow                     Hex            8%           50%         2
 Confusing Touch          Hex            8%           75%         3
 Inner Flame              Hex/Fire       4%           91%         3
 Portal Projectile        Hex/Tloc       8%           91%         3
 Gell's Gravitas          Tloc           0%           98%         3
 Cause Fear               Hex            4%           98%         4
 Leda's Liquefaction      Hex/Erth       2%           100%        4
 Petrify                  Tmut/Erth      0%           100%        4
 Metabolic Englaciation   Hex/Ice        2%           100%        5
 Yara's Violent Unravell  Hex/Tmut       2%           100%        5


Dungeon Overview and Level Annotations

Branches:
Dungeon (8/15)             Temple (1/1) D:5
   Lair: D:8-11

Altars:
Ashenzari
Dithmenos
Elyvilon
Fedhas
Gozag
Hepliaklqana
Kikubaaqudgha
Makhleb
Nemelex Xobeh
Okawaru
Qazlal
Ru
Sif Muna
Trog
Uskayaw
Vehumet
Wu Jian
Xom
Yredelemnul
Zin
The Shining One

Annotations:
D:8 Harold


Innate Abilities, Weirdness & Mutations

You are completely covered in rugged brown scales. (AC +3, +7% HP)
You have supernaturally acute eyesight. (SInv)
Armour fits poorly on your strangely shaped body.
You are sensitive to extremes of temperature. (rF-, rC-)
You can roll at nearby foes to attack.
You have a long armoured tail.
You curl defensively after being hit.


Message History

Unknown command.
Unknown command.
Unknown command.
Unknown command.
Unknown command.
Unknown command.
Unknown command.
Unknown command.
You feel sick.
Unknown command.
Unknown command.
Unknown command.
Unknown command.
Unknown command.
As you read the scroll labelled QUETYO LIUDGH, it crumbles to dust.
It is a scroll of identify.
x - 2 scrolls of random uselessness;
f - 3 scrolls of identify t - +1 ice dragon scales (worn)
Harold hits you from afar with a +0 glaive of venom!
You die...

###..#.....######
#....#......()#
#...###.<####.#
#....#..## #)#
#..#....# #.#
#..##.#.#####.#######
#.##.#.............#
#§##...............#
#.# #@.#####.#######
#§# #l.# #.# #@# #@.#
#.# #§# #..# #.#
#§###..#####.#
#.(..........#
#l###..####### #§#
#..# #.# #..#


You could see Harold and a leopard gecko.

Vanquished Creatures
  Erica (D:8)
  Pikel (D:5)
  Grinder (D:3)
  Sigmund (D:3)
  An ice beast (D:6)
  3 black bears
  3 ogres
  A phantom (D:4)
  2 lemures (D:5)
  A big kobold (D:8)
  4 bullfrogs
  A wyvern skeleton (D:6)
  2 scorpions (D:7)
  4 wights (D:6)
  2 bullfrog zombies (D:6)
  2 hounds
  A jelly (D:6)
  3 orc priests
  A bullfrog skeleton (D:3)
  4 iguanas
  8 orc wizards
  4 worker ants
  A hound zombie (D:7)
  4 gnolls
  8 adders
  A shadow imp (D:7)
  2 white imps (D:7)
  4 ufetubi
  An ooze (D:7)
  2 worms
  3 dart slugs
  6 leopard geckos
  19 orcs
  3 giant cockroaches (D:2)
  9 goblins
  7 hobgoblins
  11 jackals
  10 kobolds
  3 quokkas
  2 ball pythons (D:4)
  5 bats
  6 frilled lizards
  A leopard gecko skeleton (D:7)
  A leopard gecko zombie (D:7)
  6 rats
166 creatures vanquished.

Vanquished Creatures (others)
  A bullfrog zombie (D:8)
  2 fungi (D:6)
3 creatures vanquished.

Grand Total: 169 creatures vanquished

Notes
Turn   | Place    | Note
-------+----------+-------------------------------------------
     0 | D:1      | sahdkjhfkaj the Palentonga Arcane Marksman began the quest
                  | for the Orb.
     0 | D:1      | Reached XP level 1. HP: 17/17 MP: 2/2
   303 | D:1      | Reached XP level 2. HP: 23/24 MP: 3/3
  1053 | D:2      | Reached skill level 2 in Fighting
  1118 | D:2      | Reached XP level 3. HP: 28/31 MP: 4/4
  1656 | D:2      | Reached skill level 3 in Fighting
  1808 | D:2      | Reached XP level 4. HP: 15/40 MP: 5/5
  2592 | D:3      | Reached skill level 4 in Fighting
  2641 | D:3      | Noticed Sigmund
  2656 | D:3      | Killed Sigmund
  2657 | D:3      | Reached skill level 5 in Fighting
  2657 | D:3      | Reached skill level 1 in Armour
  2657 | D:3      | Reached XP level 5. HP: 29/51 MP: 6/6
  2657 | D:3      | Reached XP level 6. HP: 34/59 MP: 7/7
  2800 | D:3      | Found a white marble altar of Elyvilon.
  3094 | D:3      | Noticed Grinder
  3097 | D:3      | Paralysed by Grinder for 2 turns
  3101 | D:3      | Paralysed by Grinder for 7 turns
  3115 | D:3      | Killed Grinder
  3116 | D:3      | Reached skill level 6 in Fighting
  3337 | D:3      | Found a stormy altar of Qazlal.
  3438 | D:4      | Found a sparkling altar of Nemelex Xobeh.
  3665 | D:4      | Gained mutation: You curl defensively after being hit.
                  | [Palentonga growth]
  3665 | D:4      | Reached XP level 7. HP: 41/67 MP: 8/8
  4039 | D:4      | Found a shadowy altar of Dithmenos.
  4586 | D:5      | Entered Level 5 of the Dungeon
  5201 | D:5      | Found a staircase to the Ecumenical Temple.
  5253 | Temple   | Entered the Ecumenical Temple
  5574 | Temple   | Became a worshipper of Ru the Awakened
  5628 | D:5      | Found a stormy altar of Qazlal.
  6166 | D:6      | Noticed Pikel
  6554 | D:5      | Killed Pikel
  6555 | D:5      | Reached skill level 7 in Fighting
  6555 | D:5      | Reached XP level 8. HP: 61/78 MP: 9/9
  7027 | D:6      | Found a blossoming altar of Fedhas.
  7046 | D:6      | Found a bloodstained altar of Trog.
  7058 | D:6      | Reached skill level 8 in Fighting
  7434 | D:6      | Reached skill level 1 in Shields
  7764 | D:6      | Found a hazy altar of Hepliaklqana.
  7785 | D:6      | Reached XP level 9. HP: 86/87 MP: 10/10
  8156 | D:7      | Reached skill level 9 in Fighting
  8157 | D:7      | Got an ivory long sword
  8157 | D:7      | Identified the +0 long sword "Embalmer" {vamp, rElec Dex-2
                  | SInv} (You found it on level 7 of the Dungeon)
  8355 | D:7      | Gained mutation: You are sensitive to extremes of
                  | temperature. (rF-, rC-) [Ru sacrifice]
  8355 | D:7      | Reached * piety under Ru
  8355 | D:7      | Reached ** piety under Ru
  8878 | D:7      | Reached skill level 10 in Fighting
  9945 | D:8      | Noticed Erica
  9959 | D:8      | Killed Erica
  9960 | D:8      | Reached skill level 11 in Fighting
 10436 | D:8      | Got an ancient emerald amulet
 10439 | D:8      | Noticed Harold
 10472 | D:8      | HP: 4/96 [poisoned by Harold]
 10477 | D:8      | Slain by Harold

Illustrated notes

Levels and vault maps discovered:
D:1:      dpeg_arrival_rooms_a, layout_loops_corners
D:2:      layout_rooms
D:3:      layout_basic, general_overflow_altar, lemuel_tele_altar, uniq_sigmund,
          uniq_grinder
D:4:      layout_cave_pools, nemelex_xobeh_ov_fountains_minmay,
          nicolae_dithmenos_shadow_blocks
D:5:      layout_loops_cross, overflow_temple_1_default,
          minmay_temple_entry_slanted, kennysheep_generic_room_12
D:6:      layout_rooms, lemuel_doored_altar, trog_ov_bears_minmay,
          fedhas_altar_3, uniq_pikel
D:7:      layout_rooms, serial_co_window_serial, co_window_paths_a,
          co_window_paths_a, co_window_of_opportunity_a, co_window_paths_a,
          co_window_paths_a, co_window_corner_b, co_window_broadway_a,
          co_window_corner_b, co_window_2corner, glass_columns_a,
          glass_columns_b, glass_columns_b, chequers_avenue, minmay_checkerbox
D:8:      layout_loops_ring, uniq_erica, uniq_harold
Temple:   eino_temple_rhombus

Skill      XL: |  1  2  3  4  5  6  7  8  9 |
---------------+----------------------------+-----
Crossbows      | 2 |  2.0
Dodging        | 2 |  2.0
Fighting       | 2 3 5 6 7 8 11 | 11.7
Armour         | 1 2 |  2.4
Axes           | 6 |  6.0
Shields        | 1 2 |  2.4
Spellcasting   | |  1.1
Hexes          | |  3.0

Action                   |  1- 3 |  4- 6 |  7- 9 || total
-------------------------+-------+-------+-------++-------
Melee: Short sword       |   128 |   165 |   192 ||   485
       Tailslap          |    11 |    11 |    65 ||    87
       Hand axe          |       |       |   385 ||   385
       Long sword        |       |       |     6 ||     6
 Fire: Hand crossbow     |    52 |    24 |    18 ||    94
Invok: Sacrifice Resista |       |       |     1 ||     1
 Abil: Rolling Charge    |       |       |     4 ||     4
Evoke: Wand              |       |       |     7 ||     7
  Use: Scroll            |       |     4 |     5 ||     9
       Potion            |       |       |     3 ||     3
 Stab: Invisible         |       |       |     3 ||     3
Armor: Ice dragon scales |   167 |   170 |   357 ||   694
Dodge: Dodged            |    96 |   111 |   203 ||   410
Block: Buckler           |       |       |    53 ||    53
       Rpst.: Long sword |       |       |     1 ||     1

Table legend: (Time is in decaauts)
 A = Elapsed time spent in this place.
 B = Non-inter-level travel time spent in this place.
 C = Inter-level travel time spent in this place.
 D = Time resting spent in this place.
 E = Time spent auto-exploring this place.
 F = Levels seen in this place.
 G = Mean time per level.
                   A        B        C        D        E       F      G
               +--------+--------+--------+--------+--------+-----+--------+
         Total |  10570 |  10327 |    243 |    230 |   8345 |   9 | 1174.4 |
       Dungeon |  10232 |  10013 |    219 |    230 |   8034 |   8 | 1279.0 |
        Temple |    337 |    313 |     24 |      0 |    311 |   1 |  337.0 |
               +--------+--------+--------+--------+--------+-----+--------+

Top non-repeatable levels by time:
     D:7: 1786 daAuts
     D:5: 1655 daAuts
     D:2: 1600 daAuts
     D:6: 1308 daAuts
     D:4: 1225 daAuts
     D:3: 1090 daAuts
     D:1: 1005 daAuts
     D:8: 559 daAuts
  Temple: 337 daAuts
